 Dungeon Crawl Stone Soup version 0.30-a0-4-ga7cffc901d (webtiles) character file.

Game seed: 10521949259834308685

210 Setbun the Cutter (level 6, -1/35 HPs)
             Began as a Kobold Brigand on Aug 21, 2022.
             Slain by Terence
             ... wielding a +3 flail of protection
              (4 damage)
             ... on level 3 of the Dungeon.
             The game lasted 00:02:10 (2386 turns).

Setbun the Cutter (Kobold Brigand)                  Turns: 2386, Time: 00:02:11

Health: -1/35      AC:  4    Str:  6 (8)  XL:     6   Next: 12%
Magic:  6/6        EV: 14    Int: 11 (12) God:
Gold:   89         SH:  0    Dex: 16 (19) Spells: 5/5 levels left

rFire   . . .      SeeInvis .    i - +1 dagger (speed)
rCold   . . .      Faith    .    (no shield)
rNeg    . . .      Spirit   .    b - +0 robe
rPois   .          Reflect  .    (no helmet)
rElec   .          Harm     .    c - +0 cloak
rCorr   .          Rampage  .    (no gloves)
Will    .....                    l - +0 pair of boots
Stlth   ++++......               (no amulet)
HPRegen 0.11/turn                (no ring)
MPRegen 0.10/turn                (no ring)

@: flying
A: small, no large weapons, nightstalker 3
a: no special abilities


You were on level 3 of the Dungeon.
You visited 1 branch of the dungeon, and saw 3 of its levels.

You collected 89 gold pieces.

Inventory:

Hand Weapons
 a - a +2 dagger
 i - a +1 dagger of speed (weapon)
Missiles
 d - 9 poisoned darts (quivered)
 e - 3 curare-tipped darts
Armour
 b - a +0 robe (worn)
 c - a +0 cloak (worn)
 l - a +0 pair of boots (worn)
Magical Staves
 n - a staff of air
Scrolls
 h - 2 scrolls of identify {unknown}
 j - a scroll of teleportation {unknown}
 k - a scroll of immolation {unknown}
 m - a scroll of brand weapon {unknown}
 o - a scroll of magic mapping {unknown}
 r - a scroll of vulnerability {unknown}
Potions
 f - a potion of heal wounds
 g - a potion of flight


   Skills:
 - Level 2.1 Fighting
 + Level 7.8 Short Blades
 - Level 2.1 Throwing
 - Level 1.2 Dodging
 - Level 5.3 Stealth


You had 5 spell levels left.
You didn't know any spells.
Your spell library was empty.

Dungeon Overview and Level Annotations

Branches:
Dungeon (3/15)

Altars:

Annotations:
D:3 3 runed translucent doors, Terence


Innate Abilities, Weirdness & Mutations

You are small and have problems with some larger weapons.
You are completely attuned to the shadows.


Message History

It was a potion of degeneration.
There was something very wrong with that liquid.
You feel weakened.
You feel dopey.
You feel clumsy. Terence closely misses you. The dart slug bites you.
You hit Terence but do no damage.
Terence is moderately wounded.
You hit Terence.
Terence is heavily wounded.
Terence hits you with a +3 flail of protection.
* * * LOW HITPOINT WARNING * * *
You barely miss Terence.
Terence is heavily wounded.
You hit Terence but do no damage.
Terence is heavily wounded.
The dart slug launches a dart at you. The slug dart hits you.
* * * LOW HITPOINT WARNING * * *
You hit Terence but do no damage.
Terence is heavily wounded.
Terence closely misses you.
You hit Terence but do no damage.
Terence is heavily wounded.
You hit Terence but do no damage.
Terence is heavily wounded.
The dart slug launches a dart at you. The slug dart misses you.
Terence closely misses you.
You barely miss Terence.
Terence is heavily wounded.
You hit Terence but do no damage.
Terence is heavily wounded.
You hit Terence but do no damage.
Terence is heavily wounded.
Terence barely misses you.
You hit Terence but do no damage.
Terence is heavily wounded.
The dart slug closely misses you.
You hit Terence but do no damage.
Terence is heavily wounded.
Terence hits you with a +3 flail of protection.
You die...

#.+..### # ..#..###
#.#..# #. #....!..
..#..# ##.##.##....#
..#..# ......##.##.#
..#..# .......$....#
..#..# ##.#.###....#
###8.# #.#.# #.....
#.## # ##.#.# #@w...
#.# #.#....# #@....
#.# #[.....# #.....
#.# ##...## #.$...
##.# ###.# ######
#..# #.# ## #.##
#.########.. ..#.#
##.##.......# #.#.#
#...#.#####.####.#.#


You could see Terence and a dart slug.

Vanquished Creatures
  A phantom (D:3)
  Jessica (D:3)
  6 adders
  2 worms (D:2)
  3 dart slugs
  3 bats
  6 endoplasms
  3 giant cockroaches
  7 goblins
  A hobgoblin (D:2)
  5 kobolds
  2 quokkas (D:2)
  5 ball pythons
  3 frilled lizards (D:2)
  3 rats
51 creatures vanquished.

Notes
Turn   | Place    | Note
-------+----------+-------------------------------------------
     0 | D:1      | Setbun the Kobold Brigand began the quest for the Orb.
     0 | D:1      | Reached XP level 1. HP: 12/12 MP: 1/1
   175 | D:1      | Reached skill level 3 in Short Blades
   311 | D:1      | Reached XP level 2. HP: 17/17 MP: 2/2
   673 | D:1      | Reached skill level 4 in Short Blades
  1026 | D:2      | Reached XP level 3. HP: 6/21 MP: 3/3
  1284 | D:2      | Found a faded altar of an unknown god.
  1338 | D:2      | Reached skill level 5 in Short Blades
  1491 | D:2      | Reached XP level 4. HP: 25/26 MP: 4/4
  1967 | D:3      | Noticed Jessica
  1967 | D:3      | Noticed a phantom
  1969 | D:3      | Killed a phantom
  1970 | D:3      | Reached skill level 7 in Short Blades
  1970 | D:3      | Reached XP level 5. HP: 30/30 MP: 5/5
  1971 | D:3      | Killed Jessica
  2083 | D:3      | Reached XP level 6. HP: 33/35 MP: 6/6
  2250 | D:3      | Found a runed translucent gate.
  2252 | D:3      | Found a runed translucent gate.
  2253 | D:3      | Found a runed translucent gate.
  2358 | D:3      | Noticed Terence
  2386 | D:3      | Slain by Terence

Illustrated notes

Levels and vault maps discovered:
D:1:      dpeg_arrival_boxes_within_box, layout_loops_ring
D:2:      layout_loops_cross, ebering_ecumenical_altar_petrified
D:3:      layout_loops_cross, biasface_ghost_orc_armoury, uniq_jessica,
          uniq_crazy_yiuf_cottage, uniq_terence

Skill      XL: |  1  2  3  4 |
---------------+-------------+-----
Short Blades   | 3 4 5 7 |  7.8
Fighting       | |  2.1
Throwing       | |  2.1
Dodging        | |  1.2
Stealth        | |  5.3

Action                   |  1- 3 |  4- 6 || total
-------------------------+-------+-------++-------
Melee: Dagger            |    69 |    68 ||   137
  Use: Potion            |       |     4 ||     4
 Stab: Sleeping          |    11 |    20 ||    31
Armor: Robe              |     6 |     2 ||     8
Dodge: Dodged            |    39 |    16 ||    55

Table legend: (Time is in decaauts)
 A = Elapsed time spent in this place.
 B = Non-inter-level travel time spent in this place.
 C = Inter-level travel time spent in this place.
 D = Time resting spent in this place.
 E = Time spent auto-exploring this place.
 F = Levels seen in this place.
 G = Mean time per level.
                   A        B        C        D        E       F      G
               +--------+--------+--------+--------+--------+-----+--------+
         Total |   2325 |   2256 |     69 |    226 |   1743 |   3 |  775.0 |
       Dungeon |   2325 |   2256 |     69 |    226 |   1743 |   3 |  775.0 |
               +--------+--------+--------+--------+--------+-----+--------+

Top non-repeatable levels by time:
     D:2: 1007 daAuts
     D:1: 929 daAuts
     D:3: 388 daAuts
